 Dungeon Crawl Stone Soup version 0.24-a0-115-gd155597332 (webtiles) character file.

Game seed: 0

836 Morbidden the Insei (level 7, -2/37 HPs)
             Began as a Vine Stalker Monk on Feb 17, 2019.
             Was a Believer of Yredelemnul.
             Slain by a wight
             ... wielding a cursed +4 scimitar
              (4 damage)
             ... on level 6 of the Dungeon.
             The game lasted 00:11:41 (4887 turns).

Morbidden the Insei (Vine Stalker Monk)             Turns: 4887, Time: 00:11:42

Health: -2/37      AC:  3    Str: 14    XL:     7   Next: 99%
Magic:  0/12       EV: 10    Int: 12    God:    Yredelemnul [**....]
Gold:   145        SH: 10    Dex: 16    Spells: 11/11 levels left

rFire    . . .     SeeInvis .     - Unarmed
rCold    + . .     Gourm    .   l - +2 shield
rNeg     . . .     Faith    .   a - +0 robe
rPois    .         Spirit   +   (no helmet)
rElec    .         Reflect  .   (no cloak)
rCorr    .         Harm     .   (no gloves)
MR       .....                  n - +0 pair of boots
Stlth    ++........             o - amulet of the acrobat
HPRegen  0.52/turn              r - ring of protection from cold
MPRegen  0.13/turn              u - ring of wizardry

@: drained
A: fangs 2, regeneration 1, magic shield, antimagic bite, no potion heal 3, rot
immunity
a: Animate Remains, Recall Undead Slaves, Injury Mirror, Renounce Religion


You were on level 6 of the Dungeon.
You worshipped Yredelemnul.
Yredelemnul was pleased with you.
You were not hungry.

You visited 2 branches of the dungeon, and saw 7 of its levels.

You collected 145 gold pieces.

Inventory:

Missiles
 p - 2 poisoned tomahawks
 q - 5 javelins (quivered)
Armour
 a - a +0 robe (worn)
 l - a +2 shield (worn)
 n - a +0 pair of boots (worn)
Jewellery
 o - an amulet of the acrobat (around neck)
 r - a ring of protection from cold (left hand)
 u - a ring of wizardry (right hand)
Wands
 y - a wand of clouds (5)
Scrolls
 e - a scroll of teleportation
 f - a scroll of fear {unknown}
 g - 2 scrolls of fog
 h - 3 scrolls of identify {unknown}
 i - a scroll of remove curse
 j - a scroll of blinking {unknown}
 v - a scroll of enchant armour {unknown}
Potions
 c - a potion of brilliance {unknown}
 d - 4 potions of flight {unknown}
 k - 3 potions of curing {unknown}
 m - a potion of cancellation {unknown}
 s - 3 potions of might {unknown}
 t - a potion of agility {unknown}
 w - 3 potions of lignification {unknown}
 x - a potion of resistance {unknown}
 z - a potion of berserk rage {unknown}
Comestibles
 b - 8 rations


   Skills:
 * Level 4.1(3.4) Fighting
 + Level 3.4(2.7) Dodging
 + Level 3.6(2.9) Stealth
 + Level 2.0(1.3) Shields
 + Level 6.1(5.4) Unarmed Combat
 * Level 2.8(2.1) Spellcasting
 * Level 1.7(1.0) Invocations


You had 11 spell levels left.
You didn't know any spells.
Your spell library was empty.

Dungeon Overview and Level Annotations

Branches:
Dungeon (6/15)             Temple (1/1) D:5

Altars:
Ashenzari
Cheibriados
Dithmenos
Elyvilon
Fedhas
Gozag
Kikubaaqudgha
Makhleb
Nemelex Xobeh
Okawaru
Qazlal
Sif Muna
Trog
Uskayaw
Vehumet
Wu Jian
Xom
Yredelemnul
Zin
The Shining One

Shops:
D:4 :   D:5 %


Innate Abilities, Weirdness & Mutations

You have extremely sharp teeth.
Your natural rate of healing is unusually fast.
When hurt, damage is shared between your health and your magic reserves.
Your bite disrupts and absorbs the magic of your enemies.
Potions cannot restore your health.
You are immune to rotting.


Message History

You block the wight's attack.
Unknown command.
You hit the wight.
The wight is severely damaged.
You block the wight's attack.
You completely miss the wight. You bite the wight, but do no damage.
The wight is severely damaged.
Unknown command.
You hit the wight.
The wight is almost destroyed.
The wight hits you with a cursed +4 scimitar!
* * * LOW HITPOINT WARNING * * *
Unknown command.
You barely miss the wight. You bite the wight, but do no damage.
The wight is almost destroyed.
The wight hits you with a cursed +4 scimitar!
* * * LOW HITPOINT WARNING * * *
You feel drained.
You die...
Your body rises from the dead as a mindless zombie.

#.......##.# ##.#........
###...####.########...(..#####
#...# #...............<.#
#.#.. #####.####......#.#
#.###. #.# ##....##.### ## #.#
#..<.>..... #.# #..####.###
#<# .....# # #@#.###... #z#
#.. .z. ... #.... ....
#.(....... 8...... ........
..........


You could see 2 wights.

Vanquished Creatures
  A sky beast (D:5)
  A centaur (D:5)
  2 wights (D:6)
  2 howler monkeys
  3 crimson imps (D:5)
  A bullfrog zombie (D:5)
  An orc priest (D:4)
  A hound (D:4)
  2 orc wizards
  2 worker ants
  7 adders
  5 worms
  3 dart slugs
  2 leopard geckos
  14 orcs
  7 bats
  A giant cockroach (D:3)
  6 goblins
  10 hobgoblins
  11 jackals
  2 quokkas
  4 ball pythons
  2 frilled lizards (D:4)
  A jackal skeleton (D:4)
  9 kobolds
  A leopard gecko skeleton (D:5)
  6 rats
107 creatures vanquished.

Vanquished Creatures (collateral kills)
  A scorpion (D:4)
  3 orcs (D:4)
  2 frilled lizards (D:4)
6 creatures vanquished.

Grand Total: 113 creatures vanquished

Notes
Turn   | Place    | Note
-------+----------+-------------------------------------------
     0 | D:1      | Morbidden the Vine Stalker Monk began the quest for the
                  | Orb.
     0 | D:1      | Reached XP level 1. HP: 11/11 MP: 2/2
    85 | D:1      | Reached XP level 2. HP: 10/16 MP: 1/3
   906 | D:1      | Reached XP level 3. HP: 18/20 MP: 2/4
  1521 | D:2      | Gained mutation: Your natural rate of healing is unusually
                  | fast. [Vine Stalker growth]
  1521 | D:2      | Reached XP level 4. HP: 8/24 MP: 2/6
  1745 | D:2      | Reached skill level 1 in Spellcasting
  1817 | D:2      | Reached skill level 4 in Unarmed Combat
  2243 | D:3      | Reached XP level 5. HP: 27/28 MP: 7/7
  2781 | D:5      | Entered Level 5 of the Dungeon
  2788 | D:5      | Reached skill level 1 in Shields
  2949 | D:5      | Reached XP level 6. HP: 27/32 MP: 6/9
  3165 | D:5      | Reached skill level 5 in Unarmed Combat
  3347 | D:5      | Noticed a sky beast
  3397 | D:5      | Killed a sky beast
  3397 | D:5      | Reached XP level 7. HP: 32/37 MP: 11/11
  3506 | D:5      | Found a staircase to the Ecumenical Temple.
  3515 | Temple   | Entered the Ecumenical Temple
  3752 | Temple   | Became a worshipper of Yredelemnul the Dark
  3752 | Temple   | Reached * piety under Yredelemnul
  3752 | Temple   | Reached ** piety under Yredelemnul
  3826 | D:5      | Found Xexzepp's Food Shop.
  4262 | D:4      | Reached skill level 1 in Invocations
  4283 | D:4      | Reached skill level 6 in Unarmed Combat
  4305 | D:4      | Found Heuxeh's Book Emporium.
  4307 | D:4      | Found a glowing silver altar of Zin.
  4307 | D:4      | Noticed an angel
  4315 | D:4      | Found a shimmering altar of Xom.
  4887 | D:6      | Slain by a wight

Levels and vault maps discovered:
D:1:      nzn_arrival_depleted_hourglass, layout_basic, st_stairs_9,
          minmay_pentomino_x4
D:2:      layout_loops_cross, minmay_split_cup_small
D:3:      layout_basic, first_ration
D:4:      layout_cave_pools, grunt_temple_overflow_order_and_chaos_1,
          serial_shops, shop
D:5:      lemuel_ice_spiral_2, layout_basic, minmay_temple_entry_gardened_gates,
          serial_shops, nicolae_shop_behind_doors, nrook_uturn,
          minmay_misc_feat_doors, minmay_checkerbox
D:6:      layout_loops_ring, minitemple
Temple:   dpeg_five_rooms_temple

Skill      XL: |  1  2  3  4  5  6  7 |
---------------+----------------------+-----
Fighting       | 3 4 |  4.1
Spellcasting   | 1 2 |  2.8
Unarmed Combat | 4 5 6 |  6.1
Stealth        | 3 |  3.6
Shields        | 1 2 |  2.0
Dodging        | 3 |  3.4
Invocations    | 1 |  1.7

Action                   |  1- 3 |  4- 6 |  7- 9 || total
-------------------------+-------+-------+-------++-------
Melee: Unarmed           |   102 |   249 |   111 ||   462
       Bite              |    23 |    67 |    38 ||   128
Throw: Javelin           |     5 |       |       ||     5
Invok: Animate Remains   |       |       |    10 ||    10
  Use: Scroll            |       |     6 |       ||     6
 Stab: Sleeping          |     7 |    10 |     2 ||    19
       Distracted        |     1 |       |     1 ||     2
  Eat: Chunk             |     1 |     5 |     5 ||    11
       Ration            |       |     1 |     1 ||     2
Armor: Robe              |    18 |    29 |    12 ||    59
Dodge: Dodged            |    53 |    90 |    31 ||   174
Block: Shield            |    13 |    87 |    50 ||   150

Table legend:
 A = Non-vault XP
 B = Vault XP
 C = Vault XP percentage of total XP
 D = Non-vault monster count
 E = Vault monster count
 F = Vault count percentage of total count
                 A         B        C        D         E       F
            +---------+---------+-------+---------+---------+-------
      Total |    1111 |      84 |   7.0 |     101 |      12 |  10.6
            +---------+---------+-------+---------+---------+-------
        D:1 |      21 |      13 |  38.2 |      12 |       6 |  33.3
        D:2 |      83 |      17 |  17.0 |      22 |       3 |  12.0
        D:3 |     115 |       0 |   0.0 |      33 |       0 |   0.0
        D:4 |     286 |       0 |   0.0 |      21 |       0 |   0.0
        D:5 |     488 |      54 |  10.0 |      11 |       3 |  21.4
        D:6 |     118 |       0 |   0.0 |       2 |       0 |   0.0
            +---------+---------+-------+---------+---------+-------
